 Dungeon Crawl Stone Soup version 0.28.0-47-ge53b351184 (webtiles) character file.

Game seed: 8349134683702174975

49 Allula97 the Gusty (level 3, -1/20 HPs)
             Began as a Tengu Air Elementalist on May 3, 2022.
             Slain by a gnoll
             ... wielding a +0 club
              (5 damage)
             ... on level 3 of the Dungeon.
             The game lasted 00:04:09 (1746 turns).

Allula97 the Gusty (Tengu Air Elementalist)         Turns: 1746, Time: 00:04:10

Health: -1/20      AC:  2    Str: 10    XL:     3   Next: 77%
Magic:  0/7        EV: 12    Int: 15    God:
Gold:   40         SH:  0    Dex: 14    Spells: 3/6 levels left

rFire   . . .      SeeInvis .   (no weapon)
rCold   . . .      Faith    .   (no shield)
rNeg    . . .      Spirit   .   a - +0 robe
rPois   .          Reflect  .   (helmet restricted)
rElec   .          Harm     .   b - scarf {repulsion}
rCorr   .          Rampage  .   (no gloves)
Will    .....                   (boots unavailable)
Stlth   ++........              (no amulet)
HPRegen 0.06/turn               (no ring)
MPRegen 0.10/turn               (no ring)

@: repel missiles
A: beak, talons 3
a: no special abilities


You were on level 3 of the Dungeon.
You visited 1 branch of the dungeon, and saw 3 of its levels.

You collected 40 gold pieces.

Inventory:

Armour
 a - a +0 robe (worn)
 b - a scarf of repulsion (worn)
Scrolls
 c - a scroll of identify {unknown}
 f - a scroll of teleportation {unknown}
 g - a scroll of amnesia {unknown}
Potions
 d - a potion of haste {unknown}
 e - 2 potions of curing {unknown}


   Skills:
 * Level 0.6 Fighting
 * Level 0.5 Armour
 * Level 2.4 Dodging
 - Level 2.0 Stealth
 * Level 0.9 Unarmed Combat
 * Level 2.4 Spellcasting
 * Level 2.1 Conjurations
 * Level 4.7 Air Magic


You had 3 spell levels left.
You knew the following spells:

 Your Spells              Type           Power      Damage    Failure   Level
a - Shock                 Conj/Air       48%        1d6       5%          1
b - Static Discharge      Conj/Air       12%        N/A       8%          2

Your spell library contained the following spells:

 Spells                   Type           Power      Damage    Failure   Level
 Swiftness                Air            15%        N/A       10%         3
 Animate Skeleton         Necr           2%         N/A       22%         1
 Pain                     Necr           4%         1d4       22%         1
 Gell's Gravitas          Tloc           1%         N/A       54%         3
 Lesser Beckoning         Tloc           1%         N/A       54%         3
 Teleport Other           Tloc           1%         N/A       54%         3
 Vampiric Draining        Necr           1%         2d6       54%         3
 Airstrike                Air            7%         N/A       30%         4
 Cause Fear               Hex            0%         N/A       91%         4
 Dragon Form              Tmut           0%         N/A       100%        7
 Dragon's Call            Summ           0%         N/A       100%        9


Dungeon Overview and Level Annotations

Branches:
Dungeon (3/15)

Altars:
Wu Jian


Innate Abilities, Weirdness & Mutations

You have a beak for a mouth.
You have claws for feet.


Message History

The zap hits the gnoll.
The gnoll is moderately wounded.
The zap hits the gnoll.
The gnoll is almost dead.
The zap hits the hobgoblin.
The hobgoblin is heavily wounded.
The zap hits the hobgoblin.
You kill the hobgoblin!
The gnoll hits you from afar with a +0 spear.
Unknown command.
The gnoll hits you with a +0 spear.
You see here a ball python corpse.
Casting: Shock (safe; 5% risk of failure)
Confirm with . or Enter, or press ? or * to list all spells.
The gnoll is struck by an arc of lightning.
The gnoll is severely wounded.
The gnoll is struck by an arc of lightning.
The gnoll is heavily wounded.
The lightning grounds out.
The gnoll barely misses you.
Casting: Static Discharge (safe; 9% risk of failure)
Confirm with . or Enter, or press ? or * to list all spells.
The gnoll is struck by an arc of lightning!
You kill the gnoll!
You are struck by an arc of lightning.
The lightning grounds out.
You barely miss the gnoll. Your peck misses the gnoll.
The gnoll is heavily wounded.
The gnoll hits you with a +0 club.
* * * LOW HITPOINT WARNING * * *
Unknown command.
Casting: Static Discharge (safe; 8% risk of failure)
Confirm with . or Enter, or press ? or * to list all spells.
Aiming: Shock (safe; 5% risk of failure)
Press: ? - help, Shift-Dir - straight line, f - gnoll
Aim: a gnoll, wielding a +0 club (heavily wounded, 72% to hit)
The zap hits the gnoll.
The gnoll is severely wounded.
The zap hits the gnoll.
You kill the gnoll!
The gnoll hits you with a +0 club.
You die...

..##
#.#...#..#
.## #.#...#.#
.# #.#...#.#
.# #.#...#.#
.# #.......#
.# ####.#####
.# #.....#
#.###.####.##
#.# #..@g)..#
#.# #.####.?#
.>....# ...
#.##### # #.#
#.


You could see a gnoll.

Vanquished Creatures
  2 gnolls (D:3)
  A worm (D:2)
  An orc (D:3)
  2 bats
  4 endoplasms
  A giant cockroach (D:1)
  8 hobgoblins
  3 jackals (D:2)
  2 kobolds (D:2)
  3 ball pythons
  3 goblins
  A rat (D:2)
31 creatures vanquished.

Notes
Turn   | Place    | Note
-------+----------+-------------------------------------------
     0 | D:1      | Allula97 the Tengu Air Elementalist began the quest for the
                  | Orb.
     0 | D:1      | Reached XP level 1. HP: 10/10 MP: 4/4
   319 | D:1      | Reached XP level 2. HP: 15/15 MP: 3/6
   330 | D:1      | Learned a level 2 spell: Static Discharge
   777 | D:2      | Found an ornate altar of the Wu Jian Council.
   807 | D:2      | Found a faded altar of an unknown god.
  1123 | D:2      | Reached XP level 3. HP: 20/20 MP: 3/7
  1746 | D:3      | Slain by a gnoll

Illustrated notes

Levels and vault maps discovered:
D:1:      minmay_arrival_up_and_down, layout_basic
D:2:      layout_basic, basic_altar, dreamdust_ecumenical_altar_grove
D:3:      layout_loops_cross, amcnicky_altar_gilded

Skill      XL: |  1  2  3 |
---------------+----------+-----
Conjurations   | 2 |  2.1
Fighting       | |  0.6
Armour         | |  0.5
Dodging        | |  2.4
Stealth        | |  2.0
Unarmed Combat | |  0.9
Spellcasting   | |  2.4
Air Magic      | |  4.7

Action                   || total
-------------------------++-------
Melee: Unarmed           ||    23
       Kick              ||    14
       Peck              ||     2
 Cast: Shock             ||    42
       Static Discharge  ||     8
 Stab: Sleeping          ||     4
Armor: Robe              ||     1
Dodge: Dodged            ||    20
